 Dungeon Crawl Stone Soup version 0.30.0-2-g1aa4bd4387 (webtiles) character file.

Game seed: 3448013410635205444

323 Jarnaxa the Trooper (level 6, -1/53 HPs)
             Began as a Gnoll Wanderer on May 7, 2023.
             Was a Follower of Okawaru.
             Slain by a sleepcap (5 damage)
             ... on level 4 of the Dungeon.
             The game lasted 00:06:00 (3084 turns).

Jarnaxa the Trooper (Gnoll Wanderer)                Turns: 3084, Time: 00:06:01

Health: -1/53      AC:  5    Str: 14    XL:     6   Next: 47%
Magic:  11/11      EV: 11    Int:  8    God:    Okawaru [*.....]
Gold:   169        SH:  0    Dex: 14    Spells: 12/12 levels left

rFire   . . .        a - +3 hand axe
rCold   . . .        (no shield)
rNeg    . . .        j - +0 ring mail
rPois   +            (no helmet)
rElec   .            (no cloak)
rCorr   .            (no gloves)
SInv    +            (no boots)
Will    .....        (no amulet)
Stlth   +            f - ring of poison resistance
HPRegen 0.28/turn    h - ring of see invisible
MPRegen 0.12/turn

%: no passive effects
@: no status effects
A: fangs 1, strong nose, distributed training
a: Renounce Religion, Heroism


You were on level 4 of the Dungeon.
You worshipped Okawaru.
Okawaru was aware of your devotion.
You visited 1 branch of the dungeon, and saw 4 of its levels.

You collected 169 gold pieces.

Inventory:

Hand Weapons
 a - a +3 hand axe (weapon)
Armour
 j - a +0 ring mail (worn)
Jewellery
 f - a ring of poison resistance (left hand)
 h - a ring of see invisible (right hand)
 k - a ring of willpower
Wands
 m - a wand of flame (24)
Scrolls
 b - a scroll of teleportation
 l - a scroll of identify
Potions
 c - a potion of heal wounds
 d - 2 potions of mutation {unknown}
 e - a potion of attraction {unknown}
 g - 3 potions of curing
 i - 2 potions of berserk rage {unknown}
 n - a potion of haste {unknown}
 o - a potion of might {unknown}


   Skills:
 + Level 6.8 Fighting
 + Level 2.0 Short Blades
 + Level 2.0 Long Blades
 + Level 5.0 Axes
 + Level 2.0 Maces & Flails
 + Level 2.0 Polearms
 + Level 2.0 Staves
 + Level 2.0 Ranged Weapons
 + Level 5.0 Throwing
 + Level 3.3 Armour
 + Level 3.3 Dodging
 + Level 2.0 Stealth
 + Level 2.0 Shields
 + Level 2.0 Unarmed Combat
 + Level 3.5 Spellcasting
 + Level 1.6 Conjurations
 + Level 1.6 Hexes
 + Level 1.6 Summonings
 + Level 1.6 Necromancy
 + Level 1.6 Translocations
 + Level 1.6 Transmutations
 + Level 1.6 Fire Magic
 + Level 1.6 Ice Magic
 + Level 1.6 Air Magic
 + Level 1.6 Earth Magic
 + Level 1.6 Poison Magic
 + Level 2.2 Invocations
 + Level 2.0 Evocations


You had 12 spell levels left.
You didn't know any spells.
Your spell library contained the following spells:

 Spells                   Type           Power      Damage    Failure   Level
 Portal Projectile        Hex/Tloc       8%         N/A       67%         3
 Leda's Liquefaction      Hex/Erth       2%         N/A       97%         4
 Fireball                 Conj/Fire      2%         3d4       100%        5
 Iskenderun's Battlesphe  Conj           4%         2d6       100%        5
 Conjure Ball Lightning   Conj/Air       2%         3x3d6     100%        6
 Orb of Destruction       Conj           2%         9d5       100%        7
 Call Canine Familiar     Summ           Unusable   N/A       N/A         3

Dungeon Overview and Level Annotations

Branches:
Dungeon (4/15)
 Temple: D:4-7

Altars:
Cheibriados
Kikubaaqudgha
Okawaru
Wu Jian


Innate Abilities, Weirdness & Mutations

You have very sharp teeth.
Your uncanny sense of smell can sniff out nearby items.
Your experience applies equally to all skills.


Message History

The sleepcap is almost destroyed.
The sleepcap closely misses you.
You hit the sleepcap.
You destroy the sleepcap!
Okawaru accepts your kill.
You hit the sleepcap. You punch the sleepcap.
The sleepcap is moderately damaged.
The sleepcap releases spores at you but does no damage.
You hit the sleepcap.
You bite the sleepcap, but do no damage.
The sleepcap is moderately damaged.
The sleepcap closely misses you.
You hit the sleepcap.
The sleepcap is moderately damaged.
The sleepcap closely misses you.
You hit the sleepcap.
The sleepcap is heavily damaged.
The sleepcap releases spores at you!
* * * LOW HITPOINT WARNING * * *
You hit the sleepcap.
The sleepcap is heavily damaged.
The sleepcap closely misses you.
You hit the sleepcap.
The sleepcap is severely damaged.
The sleepcap releases spores at you.
* * * LOW HITPOINT WARNING * * *
You hit the sleepcap but do no damage. You bite the sleepcap.
The sleepcap is severely damaged.
The sleepcap completely misses you.
You hit the sleepcap but do no damage.
The sleepcap is severely damaged.
The sleepcap barely misses you.
You hit the sleepcap.
The sleepcap is severely damaged.
The sleepcap releases spores at you.
* * * LOW HITPOINT WARNING * * *
You hit the sleepcap.
The sleepcap is almost destroyed.
The sleepcap releases spores at you.
You die...

#.........####...##.#
##.......## ##.###.#
##.....## ### ..#
##...## ### ##'## ##
#.# ..## #.# ∆.....
##.#######......
##...#..@f.......
#.......#####..##
##.......# ##.......#
##.....## ......##
#####.## ###


You could see a sleepcap.

Vanquished Creatures
  A scorpion (D:4)
  2 iguanas (D:4)
  3 sleepcaps (D:4)
  3 adders
  An ufetubus (D:4)
  2 worms (D:2)
  2 dart slugs (D:3)
  2 orcs
  4 endoplasms
  6 giant cockroaches
  10 goblins
  10 hobgoblins
  10 jackals
  7 kobolds
  3 quokkas
  8 ball pythons
  4 bats
  7 frilled lizards
85 creatures vanquished.

Vanquished Creatures (others)
  3 plants (D:1)
  11 withered plants (D:1)
14 creatures vanquished.

Grand Total: 99 creatures vanquished

Notes
Turn   | Place    | Note
-------+----------+-------------------------------------------
     0 | D:1      | Jarnaxa the Gnoll Wanderer began the quest for the Orb.
     0 | D:1      | Jarnaxa set off with the following items: a +3 hand axe, a
                  | scroll of teleportation, a potion of heal wounds, a +0
                  | leather armour.
     0 | D:1      | Reached XP level 1. HP: 23/23 MP: 4/4
   106 | D:1      | Reached XP level 2. HP: 28/29 MP: 5/5
   465 | D:1      | Found a faded altar of an unknown god.
   585 | D:1      | Prayed at the altar of an unknown god.
   585 | D:1      | Became a worshipper of Warmaster Okawaru
   585 | D:1      | Reached * piety under Okawaru
   762 | D:2      | Reached XP level 3. HP: 35/35 MP: 7/7
   787 | D:2      | Reached skill level 1 in Invocations
   796 | D:2      | Reached skill level 1 in Short Blades
   796 | D:2      | Reached skill level 1 in Long Blades
   796 | D:2      | Reached skill level 1 in Maces & Flails
   796 | D:2      | Reached skill level 1 in Polearms
   796 | D:2      | Reached skill level 1 in Staves
   796 | D:2      | Reached skill level 1 in Ranged Weapons
   796 | D:2      | Reached skill level 1 in Stealth
   796 | D:2      | Reached skill level 1 in Shields
   796 | D:2      | Reached skill level 1 in Unarmed Combat
   796 | D:2      | Reached skill level 1 in Evocations
   990 | D:2      | Reached XP level 4. HP: 41/41 MP: 8/8
  1335 | D:3      | Reached skill level 1 in Conjurations
  1335 | D:3      | Reached skill level 1 in Hexes
  1335 | D:3      | Reached skill level 1 in Summonings
  1335 | D:3      | Reached skill level 1 in Necromancy
  1335 | D:3      | Reached skill level 1 in Translocations
  1335 | D:3      | Reached skill level 1 in Transmutations
  1335 | D:3      | Reached skill level 1 in Fire Magic
  1335 | D:3      | Reached skill level 1 in Ice Magic
  1335 | D:3      | Reached skill level 1 in Air Magic
  1335 | D:3      | Reached skill level 1 in Earth Magic
  1335 | D:3      | Reached skill level 1 in Poison Magic
  1727 | D:3      | Found a snail-covered altar of Cheibriados.
  1979 | D:3      | Found an ornate altar of the Wu Jian Council.
  2168 | D:4      | Reached XP level 5. HP: 45/47 MP: 9/9
  2360 | D:4      | Found an ancient bone altar of Kikubaaqudgha.
  2771 | D:4      | Reached XP level 6. HP: 30/53 MP: 11/11
  3004 | D:4      | Reached skill level 5 in Axes
  3004 | D:4      | Reached skill level 5 in Throwing
  3084 | D:4      | Slain by a sleepcap

Illustrated notes

Levels and vault maps discovered:
D:1:      heliophobic_arrival_enchanted_forest, layout_basic,
          shapermc_ecumenical_altar_flowoftime
D:2:      layout_rooms, minmay_pentomino_r4
D:3:      layout_loops_ring, nicolae_wu_jian_glorious_leap,
          mainiacjoe_overflow_tiny_flanked, serial_rivers,
          chequers_serial_rivers_small_b, chequers_serial_rivers_micro_b,
          chequers_serial_rivers_room_a, chequers_serial_rivers_marsh,
          chequers_serial_rivers_micro_d, chequers_serial_rivers_micro_c
D:4:      layout_loops_corners, lemuel_round_altar,
          chequers_serial_rivers_micro_b, hellmonk_no_cap

Skill      XL: |  1  2  3  4  5  6 |
---------------+-------------------+-----
Invocations    | 1 2 |  2.2
Short Blades   | 1 2 |  2.0
Long Blades    | 1 2 |  2.0
Maces & Flails | 1 2 |  2.0
Polearms       | 1 2 |  2.0
Staves         | 1 2 |  2.0
Ranged Weapons | 1 2 |  2.0
Stealth        | 1 2 |  2.0
Shields        | 1 2 |  2.0
Unarmed Combat | 1 2 |  2.0
Evocations     | 1 2 |  2.0
Spellcasting   | 3 |  3.5
Conjurations   | 1 |  1.6
Hexes          | 1 |  1.6
Summonings     | 1 |  1.6
Necromancy     | 1 |  1.6
Translocations | 1 |  1.6
Transmutations | 1 |  1.6
Fire Magic     | 1 |  1.6
Ice Magic      | 1 |  1.6
Air Magic      | 1 |  1.6
Earth Magic    | 1 |  1.6
Poison Magic   | 1 |  1.6
Armour         | 3 |  3.3
Dodging        | 3 |  3.3
Axes           | 5 |  5.0
Throwing       | 5 |  5.0
Fighting       | |  6.8

Action                     |  1- 3 |  4- 6 || total
---------------------------+-------+-------++-------
  Melee: Hand axe          |    96 |   175 ||   271
         Bite              |     8 |    20 ||    28
         Punch             |       |     3 ||     3
 Invoke: Heroism           |       |     1 ||     1
  Evoke: Wand              |       |     1 ||     1
    Use: Scroll            |     2 |     2 ||     4
   Stab: Sleeping          |     2 |     1 ||     3
 Armour: Leather armour    |    16 |       ||    16
         Ring mail         |     8 |    41 ||    49
  Dodge: Dodged            |    39 |    96 ||   135
